[Event "NOR-ch Various 2019"]
[Site "Larvik"]
[Date "2019.07.13"]
[Round "9.25"]
[White "Haug, Havard"]
[Black "Helliesen, Lykke-Merlot"]
[Result "1-0"]
[ECO "C54"]
[WhiteElo "1483"]
[BlackElo "1505"]
[Annotator "NA"]
[PlyCount "105"]
[EventDate "2019.07.06"]
[EventType "swiss"]
[EventCountry "NOR"]
[SourceTitle "playchess.com"]
[Source "ChessBase"]
[SourceQuality "1"]
[TimeControl "40/5400+30:1800+30"]

1. e4 e5 2. Nf3 Nc6 3. Bc4 Bc5 4. O-O Nf6 5. d3 d6 6. c3 Bg4 7. Re1 h6 8. Nbd2 Qd7 9. Nf1 Bb6 10. h3 Bh5 11. Ng3 Bg6 12. Nh4 Bh7 13. Nhf5 Bxf5 14. Nxf5 O-O-O 15. Nxg7 Rdg8 16. Nf5 d5 17. Bb3 Rg6 18. Be3 Rhg8 19. Ng3 d4 20. cxd4 Nxd4 21. Kh1 h5 22. Rg1 h4 23. Nf5 Rh8 24. Rc1 Nxf5 25. exf5 Qxf5 26. Qc2 Rg3 27. Kh2 Rxe3 28. fxe3 c6 29. Rcf1 Qg5 30. Qf2 Bxe3 31. Qxf6 Bf4+ 32. Rxf4 Qxf4+ 33. Qxf4 exf4 34. Bxf7 Rf8 35. Bh5 Kd7 36. Re1 Kd6 37. Re4 Rf5 38. Bf3 c5 39. Ra4 b5 40. Rxa7 b4 41. Rh7 Ke5 42. Rh5 Rxh5 43. Bxh5 Kd4 44. a3 bxa3 45. bxa3 Kxd3 46. a4 Kc4 47. Kg1 Kb4 48. Bd1 c4 49. Kf2 c3 50. Kf3 Kc4 51. Kxf4 Kd3 52. a5 Kd2 53. Bb3 1-0

[Event "NOR-ch Various 2019"]
[Site "Larvik"]
[Date "2019.07.13"]
[Round "9.26"]
[White "Oye-Stromberg, Alexander"]
[Black "Grave, Jacob Templen"]
[Result "1-0"]
[ECO "B12"]
[WhiteElo "1943"]
[BlackElo "1800"]
[Annotator "NA"]
[PlyCount "65"]
[EventDate "2019.07.06"]
[EventType "swiss"]
[EventCountry "NOR"]
[SourceTitle "playchess.com"]
[Source "ChessBase"]
[SourceQuality "1"]
[TimeControl "40/5400+30:1800+30"]

1. e4 c6 2. d4 d5 3. e5 Bf5 4. h4 h5 5. Bd3 Bxd3 6. Qxd3 e6 7. Bg5 Qb6 8. Nd2 c5 9. c3 Nc6 10. Ne2 Nge7 11. O-O Nf5 12. Nf3 Be7 13. Bxe7 Ncxe7 14. Qd2 O-O 15. dxc5 Qxc5 16. Qg5 g6 17. Nf4 Ng7 18. Nd4 Nc6 19. Nxc6 bxc6 20. g4 Kh7 21. gxh5 Nxh5 22. Nxh5 gxh5 23. Qxh5+ Kg7 24. Qg5+ Kh7 25. Kh1 Rfb8 26. Rg1 Qf8 27. Qh5+ Qh6 28. Qxf7+ Kh8 29. h5 Rxb2 30. Rg6 Qxh5+ 31. Kg2 Rxf2+ 32. Kxf2 Qh4+ 33. Kg1 1-0

[Event "NOR-ch Various 2019"]
[Site "Larvik"]
[Date "2019.07.13"]
[Round "9.27"]
[White "Fuglestein, Sander"]
[Black "Dahl, Max"]
[Result "1/2-1/2"]
[ECO "E09"]
[WhiteElo "1997"]
[BlackElo "1981"]
[Annotator "NA"]
[PlyCount "120"]
[EventDate "2019.07.06"]
[EventType "swiss"]
[EventCountry "NOR"]
[SourceTitle "playchess.com"]
[Source "ChessBase"]
[SourceQuality "1"]
[TimeControl "40/5400+30:1800+30"]

1. d4 d5 2. c4 c6 3. Nf3 e6 4. g3 Nf6 5. Bg2 Be7 6. O-O O-O 7. Qc2 Nbd7 8. Nbd2 b6 9. Rd1 Bb7 10. e4 dxe4 11. Nxe4 Nxe4 12. Qxe4 Nf6 13. Qe2 Qc8 14. b3 Re8 15. Bb2 c5 16. Rac1 cxd4 17. Nxd4 Bxg2 18. Kxg2 Qb7+ 19. Qf3 Qxf3+ 20. Kxf3 a6 21. Nc6 Bf8 22. g4 Rac8 23. Ne5 h6 24. h4 g5 25. hxg5 hxg5 26. Bd4 Bc5 27. Bc3 Be7 28. Bd2 Nh7 29. Be3 Bc5 30. Rd7 Bxe3 31. fxe3 Rc5 32. Nd3 Rcc8 33. c5 bxc5 34. Rxc5 Rxc5 35. Nxc5 Ra8 36. Rd6 a5 37. Ra6 Rxa6 38. Nxa6 f5 39. Nc5 Kf7 40. Nb7 Nf6 41. gxf5 exf5 42. Nxa5 Kg6 43. Nc4 g4+ 44. Kg2 Kg5 45. a4 Nd5 46. a5 Nb4 47. Kg3 Kf6 48. Nb2 Nc6 49. a6 Ke5 50. b4 Na7 51. Nd1 Kd5 52. b5 Nc8 53. Kf4 Kc4 54. Nf2 Kxb5 55. Kxf5 g3 56. Nh3 Kxa6 57. Kf4 g2 58. Kg3 Kb5 59. Kxg2 Kc5 60. Kf3 Kd6 1/2-1/2

[Event "NOR-ch Various 2019"]
[Site "Larvik"]
[Date "2019.07.13"]
[Round "9.29"]
[White "Esbensen, Arnt"]
[Black "Hagesather, Ellen"]
[Result "1-0"]
[ECO "A90"]
[WhiteElo "2153"]
[BlackElo "2193"]
[Annotator "NA"]
[PlyCount "139"]
[EventDate "2019.07.06"]
[EventType "swiss"]
[EventCountry "NOR"]
[SourceTitle "playchess.com"]
[Source "ChessBase"]
[SourceQuality "1"]
[TimeControl "40/5400+30:1800+30"]

1. d4 d5 2. c4 e6 3. Nf3 f5 4. g3 Nf6 5. Bg2 Bd6 6. Nc3 c6 7. O-O O-O 8. Qc2 b6 9. Be3 dxc4 10. Nd2 Ba6 11. Nd1 b5 12. b3 cxb3 13. Nxb3 Nd5 14. Nb2 Bb7 15. Nc5 Bxc5 16. Qxc5 Na6 17. Qc1 Nxe3 18. Qxe3 Qd6 19. Nd3 Rfe8 20. Rfd1 Nb4 21. Nc5 Bc8 22. Qb3 Nd5 23. Rac1 a5 24. a3 Rb8 25. Rd3 a4 26. Qa2 Re7 27. Qd2 Ra7 28. Qc2 Rb6 29. Qd2 h6 30. e3 Bd7 31. Qd1 Be8 32. Bxd5 exd5 33. Rdc3 g5 34. Nd3 Rg7 35. Ne5 f4 36. Qg4 h5 37. Qf5 Bd7 38. Nxd7 Qxd7 39. Qf6 Qe7 40. Qf5 Qd7 41. Qf6 Qe7 42. Qh6 Rh7 43. Qg6+ Rg7 44. Qxh5 Qe6 45. exf4 gxf4 46. Qh4 fxg3 47. hxg3 Qd7 48. Re1 Rb8 49. Rce3 Rf8 50. Re6 Qf7 51. R1e2 Qf3 52. R6e3 Qf5 53. Re8 Rgf7 54. R8e5 Qb1+ 55. Kg2 Rh7 56. Qg4+ Kh8 57. Re1 Qc2 58. R1e2 Qb1 59. Rh5 Rg8 60. Qh4 Rxh5 61. Qxh5+ Qh7 62. Qe5+ Qg7 63. Qd6 Rf8 64. Re6 Kh7 65. Qxc6 Qf7 66. Qc2+ Kg7 67. Qe2 Qf5 68. Re5 Qf6 69. Qg4+ Kf7 70. Rf5 1-0

[Event "NOR-ch Various 2019"]
[Site "Larvik"]
[Date "2019.07.13"]
[Round "9.30"]
[White "Kristiansen, Willy M"]
[Black "Andersen, Lars Even"]
[Result "1/2-1/2"]
[ECO "E04"]
[WhiteElo "2118"]
[BlackElo "2314"]
[Annotator "ChessBase"]
[PlyCount "111"]
[EventDate "2019.07.06"]
[EventType "swiss"]
[EventCountry "NOR"]
[SourceTitle "playchess.com"]
[Source "ChessBase"]
[SourceQuality "1"]
[TimeControl "40/5400+30:1800+30"]

1. d4 Nf6 2. c4 e6 3. g3 d5 4. Nf3 dxc4 5. Bg2 Bb4+ 6. Bd2 c5 7. Bxb4 cxb4 8. O-O Nc6 9. a3 O-O 10. axb4 Nxb4 11. Na3 Bd7 12. Ne5 Bc6 13. Nxc6 Nxc6 14. e3 Na5 15. Qa4 Rc8 16. Rac1 a6 17. b4 Nb3 18. Rxc4 b5 19. Rxc8 bxa4 20. Rxd8 Rxd8 21. Bc6 Rb8 22. Bxa4 Rxb4 23. Bxb3 Rxb3 24. Rc1 g5 25. Nc4 g4 26. Kg2 Ne4 27. f3 gxf3+ 28. Kxf3 Rc3 29. Rxc3 Nxc3 30. e4 Kg7 31. Ke3 f5 32. exf5 exf5 33. Kf4 Kf6 34. g4 Nd5+ 35. Kf3 Kg5 36. gxf5 Kxf5 37. h3 Nc3 38. Na5 Kg5 39. Nc4 Kh4 40. Nb6 Kxh3 41. d5 Nb5 42. Nc4 h5 43. d6 Nd4+ 44. Ke4 Ne6 45. Kf3 Nc5 46. Nb6 Ne6 47. d7 Kh4 48. Nd5 a5 49. Nf4 Nd8 50. Ke4 Kg4 51. Nxh5 Kxh5 52. Kd4 Kg6 53. Kc4 Kf7 54. Kb5 Nb7 55. d8=Q Nxd8 56. Kxa5 1/2-1/2

[Event "NOR-ch Various 2019"]
[Site "Larvik"]
[Date "2019.07.13"]
[Round "9.31"]
[White "Martinsen, Stig K"]
[Black "Aulin-Jansson, Joran"]
[Result "0-1"]
[ECO "A25"]
[WhiteElo "2177"]
[BlackElo "2223"]
[Annotator "ChessBase"]
[PlyCount "80"]
[EventDate "2019.07.06"]
[EventType "swiss"]
[EventCountry "NOR"]
[SourceTitle "playchess.com"]
[Source "ChessBase"]
[SourceQuality "1"]
[TimeControl "40/5400+30:1800+30"]

1. c4 e5 2. Nc3 Nc6 3. Nf3 g6 4. e3 Bg7 5. d4 d6 6. Be2 Nh6 7. d5 Ne7 8. Rb1 a5 9. a3 f5 10. h4 O-O 11. h5 Nf7 12. hxg6 hxg6 13. e4 Bf6 14. Bd3 Kg7 15. Ke2 Rh8 16. Rxh8 Qxh8 17. Bd2 Qh5 18. Qh1 Qg4 19. Re1 Bd7 20. Kd1 Rh8 21. Qg1 Qh5 22. Be2 Qh7 23. Bd3 f4 24. Kc2 g5 25. Bc1 c6 26. Kb1 c5 27. Nd2 g4 28. Bc2 Ng6 29. Ba4 Bxa4 30. Nxa4 Qh2 31. Nc3 Ng5 32. Kc2 Kf7 33. Kb1 g3 34. fxg3 Qxg3 35. Qf1 Rh2 36. Re2 Nh4 37. Nb3 Qd3+ 38. Ka1 Rxg2 39. Nxa5 Nxe4 40. Nxe4 Qxe2 0-1

[Event "NOR-ch Various 2019"]
[Site "Larvik"]
[Date "2019.07.13"]
[Round "9.32"]
[White "Brodtkorb, Lars Johan"]
[Black "Shehzad, Shazil"]
[Result "1-0"]
[ECO "A58"]
[WhiteElo "2077"]
[BlackElo "2088"]
[Annotator "NA"]
[PlyCount "49"]
[EventDate "2019.07.06"]
[EventType "swiss"]
[EventCountry "NOR"]
[SourceTitle "playchess.com"]
[Source "ChessBase"]
[SourceQuality "1"]
[TimeControl "40/5400+30:1800+30"]

1. d4 Nf6 2. c4 c5 3. d5 b5 4. cxb5 a6 5. bxa6 g6 6. Nc3 Bg7 7. e4 O-O 8. Nf3 Qa5 9. Bd2 Bxa6 $14 10. Be2 e6 11. O-O Bxe2 12. Qxe2 Qa6 13. Qd1 exd5 14. e5 Ne4 15. Nxd5 Nxd2 16. Qxd2 Ra7 17. Rfe1 Qe6 18. h3 Kh8 19. Ng5 Qc6 20. Ne7 Qb7 21. Qf4 h6 22. Nxf7+ Kh7 23. Qg4 Qa6 24. e6 Qd3 25. Re4 1-0

[Event "NOR-ch Various 2019"]
[Site "Larvik"]
[Date "2019.07.13"]
[Round "9.33"]
[White "Lund, Gunnar"]
[Black "Machlik, Monika"]
[Result "1/2-1/2"]
[ECO "D00"]
[WhiteElo "2285"]
[BlackElo "2083"]
[Annotator "ChessBase"]
[PlyCount "95"]
[EventDate "2019.07.06"]
[EventType "swiss"]
[EventCountry "NOR"]
[SourceTitle "playchess.com"]
[Source "ChessBase"]
[SourceQuality "1"]
[TimeControl "40/5400+30:1800+30"]

1. d4 d5 2. Bf4 Nf6 3. Nc3 e6 4. Nb5 Na6 5. a3 c6 6. Nc3 Bd6 7. e3 Bxf4 8. exf4 b6 9. Nf3 Nb8 10. Ne5 Qc7 11. g4 Ba6 12. g5 Nfd7 13. Bxa6 Nxa6 14. Qe2 Nxe5 15. fxe5 Qb7 16. O-O-O O-O-O 17. h4 h6 18. Qg4 h5 19. Qg3 g6 20. Rh3 Nc7 21. Qf4 Ne8 22. Rf3 Rf8 23. Ne2 Ng7 24. Ng3 Rd7 25. Kd2 Kb8 26. Ke1 Ka8 27. Kf1 Nf5 28. Nxf5 exf5 29. Kg2 Re8 30. Rc1 c5 31. c3 Rc7 32. Rd3 c4 33. Re3 Re6 34. Qf3 Kb8 35. Rb1 Kc8 36. b3 a6 37. Re2 Kd7 38. Reb2 Ke7 39. bxc4 Rxc4 40. Rb4 Rxb4 41. Rxb4 Qd7 42. Qe2 b5 43. Qb2 Rb6 44. a4 Qc6 45. Qa3 Ke8 46. axb5 Rxb5 47. Ra4 Rb6 48. Ra5 1/2-1/2

[Event "NOR-ch Various 2019"]
[Site "Larvik"]
[Date "2019.07.13"]
[Round "9.34"]
[White "Laverton, Christian"]
[Black "Abdrlauf, Elham"]
[Result "1/2-1/2"]
[ECO "A84"]
[WhiteElo "2115"]
[BlackElo "2235"]
[Annotator "ChessBase"]
[PlyCount "155"]
[EventDate "2019.07.06"]
[EventType "swiss"]
[EventCountry "NOR"]
[SourceTitle "playchess.com"]
[Source "ChessBase"]
[SourceQuality "1"]
[TimeControl "40/5400+30:1800+30"]

1. d4 d5 2. c4 c6 3. Nf3 e6 4. e3 f5 5. Bd3 Nf6 6. O-O Bd6 7. b3 O-O 8. Ba3 Bxa3 9. Nxa3 Qe7 10. Nb1 Nbd7 11. Qc2 Ne4 12. Ne1 b6 13. f3 Nd6 14. Nc3 Bb7 15. f4 dxc4 16. bxc4 c5 17. Nf3 Rac8 18. Qb3 cxd4 19. exd4 Bxf3 20. Rxf3 Qf6 21. Ne2 Nb8 22. Rc1 Nc6 23. Qc3 Rfd8 24. Re3 Kf7 25. c5 bxc5 26. dxc5 Qxc3 27. Nxc3 Nb4 28. cxd6 Nd5 29. Ba6 Nxe3 30. Bxc8 Rxc8 31. d7 Rd8 32. Re1 Nc4 33. Rd1 Nb6 34. Nb5 a5 35. Nd6+ Ke7 36. Nb7 Rxd7 37. Rxd7+ Kxd7 38. Nxa5 Nd5 39. g3 Nc3 40. a3 Nb5 41. Nc4 Kc6 42. Ne5+ Kb6 43. Nd7+ Kc6 44. Nf8 Nxa3 45. Nxe6 g6 46. Nf8 Kd6 47. Nxh7 Ke7 48. Kf2 Nc4 49. Ng5 Kf6 50. h3 Nb6 51. Nf3 Nc4 52. g4 fxg4 53. hxg4 Ke6 54. Ng5+ Kf6 55. Kg3 Nd2 56. Kf2 Nc4 57. Ne4+ Ke6 58. Kf3 Nb6 59. Ng5+ Kf6 60. Ke4 Nc4 61. Nf3 Ke6 62. Nd4+ Kf6 63. g5+ Kf7 64. Nc6 Ke6 65. Ne5 Nd6+ 66. Kf3 Kf5 67. Nc6 Ke6 68. Kg4 Nf5 69. Ne5 Ne7 70. Nxg6 Nxg6 71. f5+ Kf7 72. Kh5 Kg7 73. fxg6 Kg8 74. g7 Kxg7 75. g6 Kg8 76. Kh6 Kh8 77. g7+ Kg8 78. Kg6 1/2-1/2

[Event "NOR-ch Various 2019"]
[Site "Larvik"]
[Date "2019.07.13"]
[Round "9.35"]
[White "Demac, Elias"]
[Black "Huse, Sigurd Kjelsbol"]
[Result "1-0"]
[ECO "D15"]
[WhiteElo "2215"]
[BlackElo "2122"]
[Annotator "ChessBase"]
[PlyCount "119"]
[EventDate "2019.07.06"]
[EventType "swiss"]
[EventCountry "NOR"]
[SourceTitle "playchess.com"]
[Source "ChessBase"]
[SourceQuality "1"]
[TimeControl "40/5400+30:1800+30"]

1. d4 d5 2. c4 c6 3. Nf3 Nf6 4. Nc3 a6 5. c5 g6 6. h3 Bg7 7. Bf4 O-O 8. e3 Re8 9. Be2 Nfd7 10. O-O e5 11. Nxe5 Nxe5 12. Bxe5 Bxe5 13. dxe5 Rxe5 14. Na4 Nd7 15. Bf3 Nf6 16. Qd4 Qe7 17. Nc3 h5 18. b4 Bf5 19. a4 Ne4 20. Bxe4 Bxe4 21. b5 Re8 22. Ra2 h4 23. bxc6 bxc6 24. Rb2 Rg5 25. f3 Bf5 26. Kf2 Bc8 27. Ne2 a5 28. Re1 Re5 29. Nf4 Qg5 30. Rb6 Qg3+ 31. Kf1 Qh2 32. Rxc6 Rg5 33. Qf6 Qg3 34. Re2 Bd7 35. Rc7 Rb8 36. Rb2 Rxb2 37. Qxb2 Bxh3 38. Qb8+ Kg7 39. Qb2+ Kg8 40. Nxh3 Qxc7 41. Nxg5 Qxc5 42. Qb8+ Kg7 43. Qe5+ Kg8 44. Kg1 Qa7 45. Qe8+ Kg7 46. Kh2 Qc7+ 47. f4 d4 48. Qe5+ Qxe5 49. fxe5 dxe3 50. Nf3 e2 51. Kg1 g5 52. Kf2 Kg6 53. Nd4 g4 54. Kxe2 f6 55. exf6 Kxf6 56. Nc6 Kf5 57. Nxa5 Ke4 58. Nc4 Kf4 59. Kf2 Ke4 60. a5 1-0

[Event "NOR-ch Various 2019"]
[Site "Larvik"]
[Date "2019.07.13"]
[Round "9.36"]
[White "Thanke, Bror"]
[Black "Mansoor, Afras"]
[Result "0-1"]
[ECO "C48"]
[WhiteElo "2191"]
[BlackElo "1991"]
[Annotator "ChessBase"]
[PlyCount "102"]
[EventDate "2019.07.06"]
[EventType "swiss"]
[EventCountry "NOR"]
[SourceTitle "playchess.com"]
[Source "ChessBase"]
[SourceQuality "1"]
[TimeControl "40/5400+30:1800+30"]

1. e4 e5 2. Nc3 Nf6 3. Nf3 Nc6 4. Bb5 Bd6 5. O-O O-O 6. a4 a6 7. Bc4 Bc5 8. d3 h6 9. Be3 Bxe3 10. fxe3 d6 11. Qe2 Be6 12. Nd5 Bxd5 13. exd5 Ne7 14. Nh4 Nfxd5 15. Rf3 c6 16. Raf1 b5 17. axb5 axb5 18. Bb3 g5 19. Nf5 Nxf5 20. Rxf5 Kg7 21. c4 bxc4 22. dxc4 Ne7 23. Rf6 Ng6 24. R6f2 Qe7 25. Bc2 e4 26. Qg4 d5 27. cxd5 cxd5 28. Qd1 Qc5 29. Qd2 Rab8 30. Bb1 Rb3 31. Ba2 Rxe3 32. b4 Qb6 33. Bxd5 Nf4 34. Kh1 Rd3 35. Qb2+ f6 36. Bxe4 Rd4 37. Bb1 Rxb4 38. Qc2 f5 39. Rd2 Rf7 40. Ba2 Rf6 41. Qc8 Qb8 42. Qc3 Qb7 43. h3 Re4 44. Rb1 Qe7 45. Rdb2 Qe5 46. Qc8 Kg6 47. Qg8+ Kh5 48. Bf7+ Kh4 49. Rb3 Re1+ 50. Rxe1 Qxe1+ 51. Kh2 Ne2 0-1

[Event "NOR-ch Various 2019"]
[Site "Larvik"]
[Date "2019.07.13"]
[Round "9.37"]
[White "Skotheim, Andreas"]
[Black "Holleland, Sigve"]
[Result "1-0"]
[ECO "A45"]
[WhiteElo "2138"]
[BlackElo "2092"]
[Annotator "ChessBase"]
[PlyCount "69"]
[EventDate "2019.07.06"]
[EventType "swiss"]
[EventCountry "NOR"]
[SourceTitle "playchess.com"]
[Source "ChessBase"]
[SourceQuality "1"]
[TimeControl "40/5400+30:1800+30"]

1. d4 Nf6 2. Bg5 c5 3. d5 Qb6 4. Nc3 Qxb2 5. Bd2 Qb6 6. e4 d6 7. Bb5+ Bd7 8. a4 g6 9. f4 Bxb5 10. axb5 Nbd7 11. Qe2 e6 12. Nf3 Bg7 13. dxe6 fxe6 14. Ng5 Nf8 15. e5 dxe5 16. fxe5 N6d7 17. Nce4 Qc7 18. Nd6+ Ke7 19. Bc3 h6 20. Qf3 Bxe5 21. Qf7+ Kxd6 22. Bxe5+ Kxe5 23. O-O-O Qa5 24. Rhe1+ Qxe1 25. Rxe1+ Kd6 26. Rd1+ Ke5 27. Nf3+ Ke4 28. Re1+ Kd5 29. Qf4 e5 30. c4+ Ke6 31. Rxe5+ Nxe5 32. Qxe5+ Kf7 33. Qxh8 a6 34. Ne5+ Ke6 35. Nxg6 {[%emt 0:00:20] Kd5} 1-0

[Event "NOR-ch Various 2019"]
[Site "Larvik"]
[Date "2019.07.13"]
[Round "9.38"]
[White "Moen, Ole Christian"]
[Black "Kvam, Audun"]
[Result "1/2-1/2"]
[ECO "B31"]
[WhiteElo "2234"]
[BlackElo "2017"]
[Annotator "ChessBase"]
[PlyCount "134"]
[EventDate "2019.07.06"]
[EventType "swiss"]
[EventCountry "NOR"]
[SourceTitle "playchess.com"]
[Source "ChessBase"]
[SourceQuality "1"]
[TimeControl "40/5400+30:1800+30"]

1. e4 c5 2. Nf3 Nc6 3. Bb5 g6 4. O-O Bg7 5. Re1 e5 6. Bxc6 dxc6 7. h3 Qc7 8. d3 Nf6 9. Be3 b6 10. a4 a5 11. Na3 O-O 12. Nc4 Nd7 13. Qd2 Ba6 14. b3 Rfe8 15. Nh2 Nf6 16. f4 Rad8 17. Qf2 Bxc4 18. bxc4 exf4 19. Bxf4 Qd7 20. Rab1 Nh5 21. Be3 f5 22. exf5 gxf5 23. Qf3 Rxe3 24. Rxe3 Bd4 25. Qxh5 Bxe3+ 26. Kh1 Rb8 27. Nf3 b5 28. Nh4 f4 29. Nf5 Rf8 30. Nh6+ Kh8 31. cxb5 f3 32. Qe5+ Qg7 33. Qxg7+ Kxg7 34. Ng4 Bd4 35. gxf3 cxb5 36. Rxb5 Rxf3 37. Kg2 Rf7 38. Rxa5 h5 39. c3 hxg4 40. cxd4 gxh3+ 41. Kxh3 cxd4 42. Kg4 Rf1 43. Rd5 Kf6 44. Rxd4 Ke5 45. Rd8 Rf4+ 46. Kg3 Rxa4 47. Kf3 Ke6 48. Rh8 Kd5 49. Ke3 Kd6 50. d4 Kd5 51. Rh5+ Kd6 52. Ke4 Kd7 53. Rh6 Ra5 54. Rg6 Rb5 55. Ra6 Rh5 56. Kd3 Rg5 57. Kc4 Rh5 58. Ra1 Rg5 59. Rh1 Rf5 60. d5 Rf6 61. Kc5 Rg6 62. Rh7+ Kd8 63. Rh5 Kd7 64. Rf5 Rh6 65. Rf7+ Kd8 66. Rg7 Rf6 67. d6 Rf1 1/2-1/2

[Event "NOR-ch Various 2019"]
[Site "Larvik"]
[Date "2019.07.13"]
[Round "9.39"]
[White "Grover, Sigurd Loe"]
[Black "Fossan, Aleksander"]
[Result "1-0"]
[ECO "A53"]
[WhiteElo "2052"]
[BlackElo "2155"]
[Annotator "ChessBase"]
[PlyCount "61"]
[EventDate "2019.07.06"]
[EventType "swiss"]
[EventCountry "NOR"]
[SourceTitle "playchess.com"]
[Source "ChessBase"]
[SourceQuality "1"]
[TimeControl "40/5400+30:1800+30"]

1. d4 d6 2. Nf3 Bg4 3. c4 Nd7 4. Nc3 e5 5. g3 Ngf6 6. Bg2 c6 7. O-O Be7 8. h3 Bh5 9. Nh4 O-O 10. Nf5 Re8 11. Nxe7+ Qxe7 12. g4 Bg6 13. e4 h6 14. f3 Rad8 15. Re1 Nf8 16. Be3 a6 17. d5 cxd5 18. cxd5 N6d7 19. Qd2 Bh7 20. Rac1 Rc8 21. Ne2 h5 22. Ng3 hxg4 23. hxg4 g6 24. g5 f5 25. gxf6 Nxf6 26. Bh3 Rxc1 27. Rxc1 Nh5 28. Nxh5 gxh5 29. Qg2+ Kh8 30. Bg5 Qg7 31. Rc6 1-0

[Event "NOR-ch Various 2019"]
[Site "Larvik"]
[Date "2019.07.13"]
[Round "9.40"]
[White "Machlik, Edit"]
[Black "Carlsen, Christian Heen"]
[Result "0-1"]
[ECO "A67"]
[WhiteElo "2075"]
[BlackElo "2013"]
[Annotator "NA"]
[PlyCount "79"]
[EventDate "2019.07.06"]
[EventType "swiss"]
[EventCountry "NOR"]
[SourceTitle "playchess.com"]
[Source "ChessBase"]
[SourceQuality "1"]
[TimeControl "40/5400+30:1800+30"]

1. d4 Nf6 2. c4 e6 3. Nc3 c5 4. d5 exd5 5. cxd5 d6 6. e4 g6 7. f4 Bg7 8. Bb5+ Nfd7 9. a4 Qh4+ 10. g3 Qe7 11. Qe2 O-O 12. Nf3 Na6 13. O-O Nb4 14. Qd1 a6 15. Be2 Rd8 16. Re1 a5 17. Kg2 b6 18. Bc4 Ba6 19. Nb5 Bxb5 20. Bxb5 c4 21. Bxc4 Rac8 22. Qe2 Rc7 23. Rb1 Nc5 24. b3 Rdc8 25. e5 Nxa4 26. Bd2 b5 27. Rbc1 bxc4 28. bxa4 c3 29. Be3 Nxd5 30. Bd4 Rc4 31. Qd3 Nb4 32. Qe2 dxe5 33. Bxe5 c2 34. Bxg7 Qxe2+ 35. Rxe2 Kxg7 36. Ne1 Rd4 37. Nf3 Rd1 38. Re1 Rxc1 39. Rxc1 Nd3 40. Nd4 0-1